 Dungeon Crawl Stone Soup version 0.22-a0-147-gfdd7f25 (webtiles) character file.

121522 4thArraOfDagon the Stormcaller (level 16, -33/67 HPs)
             Began as a Spriggan Air Elementalist on Feb 6, 2018.
             Was a High Priest of Sif Muna.
             Killed from afar by a deep elf sorcerer (47 damage)
             ... with damnation
             ... on level 3 of the Elven Halls.
             The game lasted 01:55:24 (18195 turns).

4thArraOfDagon the Stormcaller (SpAE)              Turns: 18195, Time: 01:55:25

Health: -33/67     AC:  9    Str:  4    XL:     16   Next: 32%
Magic:  25/38      EV: 26    Int: 29    God:    Sif Muna [*****.]
Gold:   888        SH:  0    Dex: 16    Spells: 9/50 levels left

rFire    . . .     SeeInvis +   g - staff of conjuration {!a}
rCold    . . .     Gourm    .   (shield currently unavailable)
rNeg     . . .     Faith    .   U - +2 robe {MR+}
rPois    .         Spirit   .   n - +2 hat {Int+3}
rElec    .         Reflect  .   G - +0 cloak
rCorr    .         Harm     .   (gloves unavailable)
MR       +++..                  (boots unavailable)
Stlth    ++........             P - amulet of magic regeneration
HPRegen  0.21/turn              V - ring of wizardry
MPRegen  0.51/turn              M - +2 ring of intelligence

@: divine energy, very quick
A: very small, unfitting armour, talons 1, icy blue scales 1, see invisible,
herbivore, speed 3, slow metabolism 2, wild magic 1
a: Stop Divine Energy, Channel Magic, Forget Spell, Renounce Religion


You were on level 3 of the Elven Halls.
You worshipped Sif Muna.
Sif Muna was extremely pleased with you.
You were very hungry.

You visited 5 branches of the dungeon, and saw 27 of its levels.
You visited 1 bazaar.
You also visited: Labyrinth, Ice Cave and Desolation.

You collected 2061 gold pieces.
You spent 1173 gold pieces at shops.

Inventory:

Hand Weapons
 I - a +0 dagger of venom
 Q - a +0 blowgun
Missiles
 b - 8 curare-tipped needles
 E - 3 tomahawks of dispersal (quivered)
 N - 6 throwing nets
Armour
 l - a +4 troll leather armour {Snorg}
 n - a +2 hat of intelligence (worn)
 G - a +0 cloak (worn)
 U - a +2 robe of magic resistance (worn)
Magical Staves
 g - an uncursed staff of conjuration (weapon) {!a}
 s - an uncursed staff of summoning {!a}
Jewellery
 m - the amulet "Juott" {Regen+ Int+3}
   (You found it on level 6 of the Lair of Beasts)

   [amulet of regeneration]

   It affects your intelligence (+3).
   It increases your rate of regeneration.
 o - the ring "Bufabbem" {Ice rElec Dex+2}
   (You found it on level 5 of the Lair of Beasts)

   [ring of ice]

   It enhances your ice magic.
   It affects your dexterity (+2).
   It makes you vulnerable to fire.
   It protects you from cold.
   It insulates you from electricity.
 A - an uncursed ring of positive energy
 M - a +2 ring of intelligence (right hand)
 P - an amulet of magic regeneration (around neck)
 R - an uncursed ring of protection from magic
 V - a ring of wizardry (left hand)
Wands
 e - a wand of enslavement (20)
 u - a wand of polymorph (16)
 S - a wand of paralysis (12)
Scrolls
 d - 5 scrolls of amnesia
 i - 11 scrolls of teleportation
 j - 3 scrolls of holy word
 p - 5 scrolls of enchant weapon
 r - 6 scrolls of identify
 y - 7 scrolls of fog
 H - 5 scrolls of immolation
 W - 3 scrolls of fear
 X - a scroll of summoning
 Z - 7 scrolls of remove curse
Potions
 f - 5 potions of brilliance
 h - 4 potions of resistance
 k - 5 potions of curing
 v - 2 potions of heal wounds
 w - 5 potions of might
 x - a potion of ambrosia
 B - a potion of invisibility
 C - 4 potions of magic
 D - 4 potions of cancellation
 F - 8 potions of mutation
 J - 4 potions of agility
 L - 4 potions of lignification
 O - 3 potions of haste
Books
 a - a book of the Tempests

   Spells                             Type                      Level
   a - Static Discharge               Conjuration/Air              3
   b - Lightning Bolt                 Conjuration/Air              5
   c - Ignition                       Fire                         8
   d - Tornado                        Air                          9
   e - Shatter                        Earth                        9
 q - a book of Clouds

   Spells                             Type                      Level
   a - Poisonous Vapours              Poison/Air                   2
   b - Mephitic Cloud                 Conjuration/Poison/Air       3
   c - Conjure Flame                  Conjuration/Fire             3
   d - Freezing Cloud                 Conjuration/Ice/Air          6
   e - Ring of Flames                 Charms/Fire                  7
 t - the Guide on Malediction and Displacement
   (You found it on level 8 of the Dungeon)

   Spells                             Type                      Level
   a - Corona                         Hexes                        1
   b - Cause Fear                     Hexes                        4
   c - Yara's Violent Unravelling     Hexes/Transmutation          5
   d - Controlled Blink               Translocation                8
 T - Sif Muna's Compendium of Flames and Malediction
   (Sif Muna gifted it to you in an ice cave)

   Spells                             Type                      Level
   a - Confusing Touch                Hexes                        1
   b - Inner Flame                    Hexes/Fire                   3
   c - Fireball                       Conjuration/Fire             5
   d - Metabolic Englaciation         Hexes/Ice                    5
   e - Silence                        Hexes/Air                    5
   f - Summon Mana Viper              Hexes/Summoning              5
   g - Invisibility                   Hexes                        6
   h - Fire Storm                     Conjuration/Fire             9
 Y - Oran's Almanac of the Arsonist and the Glacier
   (Sif Muna gifted it to you on level 15 of the Dungeon)

   Spells                             Type                      Level
   a - Summon Ice Beast               Ice/Summoning                4
   b - Ozocubu's Refrigeration        Ice                          6
   c - Simulacrum                     Ice/Necromancy               6
   d - Ring of Flames                 Charms/Fire                  7
   e - Glaciate                       Conjuration/Ice              9
Miscellaneous
 z - a box of beasts
 K - a phantom mirror
Comestibles
 c - 10 rations


   Skills:
 - Level 10.2 Dodging
 - Level 3.0 Stealth
 + Level 17.9 Spellcasting
 - Level 0.6 Conjurations
 * Level 19.3 Air Magic
 - Level 10.0 Invocations


You had 9 spell levels left.
You knew the following spells:

 Your Spells              Type           Power        Failure   Level  Hunger
a - Shock                 Conj/Air       ####         1%          1    None
b - Airstrike             Air            ########..   1%          4    None
c - Lightning Bolt        Conj/Air       ########..   1%          5    None
d - Controlled Blink      Tloc           N/A          100%        8    ######.
e - Static Discharge      Conj/Air       ########     1%          3    None
f - Blink                 Tloc           N/A          1%          2    None
g - Tornado               Air            ########..   21%         9    #######
h - Regeneration          Chrm/Necr      ####......   3%          3    None
i - Freezing Cloud        Conj/Ice/Air   #######...   9%          6    ##.....


Dungeon Overview and Level Annotations

Branches:
Dungeon (15/15)            Temple (1/1) D:5            Lair (6/6) D:11
  Swamp (0/4) Lair:3       Spider (0/4) Lair:3          Orc (2/2) D:12
    Elf (3/3) Orc:2
  Slime: Lair:5-6    Vaults: D:13-14     Depths: D:15

Altars:
Ashenzari
Cheibriados
Dithmenos
Elyvilon
Fedhas
Gozag
Hepliaklqana
Kikubaaqudgha
Makhleb
Nemelex Xobeh
Okawaru
Qazlal
Ru
Sif Muna
Trog
Uskayaw
Vehumet
Wu Jian
Xom
Yredelemnul
Zin
The Shining One

Shops:
D:10 !   D:14 *   Orc:2 :=[:   Elf:3 [

Annotations:
D:5 Eustachio
D:6 Dowan, Duvessa
Elf:1 Asterion, Louise


Innate Abilities, Weirdness & Mutations

You are very small and have problems with some larger weapons.
You are too small for most types of armour.
You have supernaturally acute eyesight. (SInv)
You are a herbivore.
You cover ground extremely quickly.
You need consume almost no food.
You have sharp toenails.
You are partially covered in icy blue scales. (AC +2)
Your spells are a little harder to cast, but a little more powerful.


Message History

You feel less invigorated.
The deep elf sorcerer is engulfed in freezing vapours.
The deep elf sorcerer casts a spell at you.
The sphere of damnation explodes!
The damnation engulfs you!
* * * LOW HITPOINT WARNING * * *
You hear a shout! x3
Unknown command.
Unknown command.
Casting: Airstrike (safe; 1% risk of failure)
Confirm with . or Enter, or press ? or * to list all spells.
Aiming: Airstrike (safe; 1% risk of failure)
Press: ? - help, Dir - move target cursor, f/p - deep elf sorcerer
Aim: a deep elf sorcerer, wielding a long sword (freezing vapour, moderately wounded, fast)
The air twists around and strikes the deep elf sorcerer!
The deep elf sorcerer is severely wounded.
The deep elf sorcerer is engulfed in freezing vapours.
The deep elf sorcerer points at you and mumbles some strange words.
The sphere of damnation explodes!
The damnation engulfs you!
Ouch! That really hurt!
You die...

..e #e# #e# #§#
##§## #§.§# ##§§##
#### ##....#
#..### #.@####
#######....####..#
......'.P...)...##
#######....######
#...#'## ###+##.##
#####
##.####...###
##### #.#
##'#...∩...###
#...### #.#
#...P.......#


You could see a deep elf annihilator and a deep elf sorcerer.

Vanquished Creatures
  A deep elf blademaster (Elf:3)
  3 deep elf sorcerers
  A frost giant (IceCv)
  A deep elf elementalist (Elf:3)
  A minotaur (Lab)
  3 deep elf annihilators
  Snorg (Orc:2)
  2 deep elf death magi (Elf:3)
  2 deep elf high priests (Elf:3)
  A ragged hierophant (Desolation)
  Harold (Lair:1)
  5 hydras
  5 centaur warriors
  2 two-headed ogres
  10 dancing weapons
  3 death yaks (D:11)
  A merfolk avatar (Lair:6)
  A tengu warrior (D:14)
  An orc high priest (Orc:1)
  A vampire mage (D:15)
  7 deep elf knights
  2 sea snakes (Lair:6)
  An unseen horror (D:13)
  2 wizards (D:12)
  3 deep elf archers
  A lindwurm (Lair:6)
  5 orc sorcerers (Orc:2)
  A harpy (Lair:6)
  3 manticores
  35 deep elf magi
  A cyclops (D:12)
  An ugly thing (D:12)
  A salamander (shapeshifter) (Elf:1)
  20 elephants
  2 ice statues (IceCv)
  4 black mambas
  A torpor snail (Lair:4)
  2 centaur skeletons
  5 gargoyles
  6 spiny frogs
  9 komodo dragons
  4 rime drakes
  2 efreet
  2 ice devils (Lair:2)
  7 trolls
  A wind drake (Lair:6)
  18 polar bears
  2 hornets (D:13)
  8 slime creatures
  3 meliai (D:14)
  25 blink frogs
  6 hippogriffs
  2 shadows
  Sigmund (D:2)
  6 redbacks (Elf:3)
  2 wraiths
  5 water elementals
  54 yaks
  5 basilisks
  4 wyverns
  2 hungry ghosts (D:10)
  2 fire elementals (Elf:1)
  3 steam dragons
  5 vampire mosquitoes (D:13)
  Edmund (D:6)
  An acid dragon (D:15)
  A soldier ant (D:13)
  12 water moccasins
  7 porcupines
  A swamp drake (Orc:2)
  22 orc warriors
  A sky beast (D:14)
  An ice beast (D:8)
  A black bear (D:12)
  A hornet zombie (D:10)
  12 wolves
  17 ogres
  4 phantoms
  20 centaurs
  13 crocodiles
  A bullfrog (shapeshifter) (Elf:1)
  2 big kobolds
  An earth elemental (Elf:3)
  The ghost of 4thArraOfDagon the Gusty, an amateur SpAE (D:4)
  14 bullfrogs
  A wyvern skeleton (D:15)
  3 scorpions
  4 killer bees (D:12)
  14 wights
  2 howler monkeys (D:14)
  2 electric eels (Lair:2)
  8 crimson imps
  A bullfrog zombie (D:8)
  3 centaur zombies
  2 quasits
  2 hounds
  An iron imp (Orc:2)
  3 jellies
  24 orc priests
  38 orc wizards
  A bullfrog skeleton (D:12)
  4 iguanas
  8 worker ants
  A killer bee zombie (D:8)
  2 hound zombies
  A hound skeleton (D:4)
  A howler monkey zombie (D:9)
  A worker ant zombie (D:5)
  A howler monkey skeleton (D:6)
  7 adders
  4 shadow imps
  A white imp (Orc:2)
  An ooze (D:1)
  An adder skeleton (D:8)
  2 worms
  A dart slug (D:1)
  5 leopard geckos
  86 orcs
  2 ball pythons
  7 giant cockroaches
  7 goblins
  10 hobgoblins
  9 jackals
  19 kobolds
  6 quokkas
  15 bats
  2 frilled lizards
  A jackal skeleton (D:7)
  A leopard gecko skeleton (D:8)
  6 rats
  A macabre mass (Elf:3)
  A plant (Lair:5)
784 creatures vanquished.

Vanquished Creatures (others)
  An orc priest (Orc:2)
  2 fungi
  6 plants
9 creatures vanquished.

Grand Total: 793 creatures vanquished

Notes
Turn   | Place    | Note
-------+----------+-------------------------------------------
     0 | D:1      | 4thArraOfDagon the Spriggan Air Elementalist began the quest for the Orb.
     0 | D:1      | Reached XP level 1. HP: 9/9 MP: 5/5
   210 | D:2      | Found a faded altar of an unknown god.
   245 | D:2      | Reached skill level 3 in Air Magic
   276 | D:1      | Reached XP level 2. HP: 11/13 MP: 2/7
   586 | D:3      | Found a snail-covered altar of Cheibriados.
   625 | D:3      | Reached XP level 3. HP: 15/16 MP: 3/8
   627 | D:3      | Found a shattered altar of Ashenzari.
   710 | D:5      | Entered Level 5 of the Dungeon
   738 | D:5      | Found a glowing silver altar of Zin.
   758 | D:6      | Noticed a bullfrog
   789 | D:5      | Noticed a bullfrog
   811 | D:5      | Found a staircase to the Ecumenical Temple.
   842 | D:6      | Killed a bullfrog
   842 | D:6      | Reached skill level 4 in Air Magic
   842 | D:6      | Reached XP level 4. HP: 21/21 MP: 5/10
   878 | D:6      | Noticed Edmund
   898 | D:6      | Noticed Duvessa
   953 | D:6      | Learned a level 4 spell: Airstrike
  1102 | D:6      | Reached XP level 5. HP: 24/24 MP: 2/12
  1176 | Temple   | Entered the Ecumenical Temple
  1437 | D:4      | Found a sacrificial altar of Ru.
  1492 | D:4      | Noticed 4thArraOfDagon's ghost (amateur SpAE)
  1492 | D:4      | Noticed an ogre
  1641 | D:6      | Killed Edmund
  1641 | D:6      | Reached skill level 5 in Spellcasting
  1641 | D:6      | Reached skill level 5 in Air Magic
  1641 | D:6      | Reached XP level 6. HP: 28/28 MP: 0/14
  1661 | D:6      | Learned a level 5 spell: Lightning Bolt
  2092 | D:9      | Noticed a troll
  2094 | D:9      | Found an ornate altar of the Wu Jian Council.
  2174 | D:8      | Reached skill level 6 in Air Magic
  2184 | D:8      | Identified the Guide on Malediction and Displacement
  2201 | D:8      | Noticed an ice beast
  2311 | D:8      | Reached XP level 7. HP: 27/32 MP: 9/16
  2361 | D:9      | Noticed a troll
  2519 | D:5      | Noticed Eustachio
  3005 | D:2      | Noticed Sigmund
  3009 | D:2      | Killed Sigmund
  3009 | D:2      | Reached skill level 7 in Air Magic
  3410 | D:5      | Reached XP level 8. HP: 36/36 MP: 1/19
  3511 | D:5      | Found a deep blue altar of Sif Muna.
  3517 | D:5      | Became a worshipper of Sif Muna the Loreminder
  3690 | D:3      | Reached skill level 1 in Invocations
  3824 | D:3      | Reached skill level 8 in Air Magic
  3969 | D:2      | Found a radiant altar of Vehumet.
  3985 | D:2      | Found a sparkling altar of Nemelex Xobeh.
  3985 | D:2      | Found a blossoming altar of Fedhas.
  4046 | D:2      | Learned a level 8 spell: Controlled Blink
  4302 | D:1      | Reached * piety under Sif Muna
  4662 | D:4      | Killed 4thArraOfDagon's ghost
  5174 | D:6      | Noticed Dowan
  5303 | D:6      | Reached skill level 9 in Air Magic
  5303 | D:6      | Reached XP level 9. HP: 23/39 MP: 3/22
  5427 | D:7      | Found a hide-covered altar of Uskayaw.
  5635 | D:8      | Reached ** piety under Sif Muna
  6333 | D:9      | Noticed a troll
  6346 | D:9      | Killed a troll
  6356 | D:9      | Reached skill level 10 in Air Magic
  6542 | D:9      | Killed a troll
  6542 | D:9      | Reached skill level 5 in Invocations
  6558 | D:10     | Entered Level 10 of the Dungeon
  6680 | D:10     | Found Hero's Distillery.
  6691 | D:10     | Reached *** piety under Sif Muna
  6691 | D:10     | Reached XP level 10. HP: 44/44 MP: 11/24
  6701 | D:10     | Bought a potion of degeneration for 14 gold pieces
  6701 | D:10     | Bought a potion of haste for 140 gold pieces
  6701 | D:10     | Bought a potion of brilliance for 56 gold pieces
  6829 | D:10     | Noticed a gargoyle
  6838 | D:10     | Gained mutation: Your mind is acute. (Int +2) [potion of mutation]
  6838 | D:10     | Gained mutation: You have sharp toenails. [potion of mutation]
  6839 | D:10     | Lost mutation: Your mind is acute. (Int +2) [potion of mutation]
  6839 | D:10     | Lost mutation: You have sharp toenails. [potion of mutation]
  6839 | D:10     | Gained mutation: Your spells are a little harder to cast, but a little more powerful. [potion of mutation]
  6839 | D:10     | Gained mutation: You have sharp toenails. [potion of mutation]
  6839 | D:10     | Gained mutation: You are partially covered in icy blue scales. (AC +2) [potion of mutation]
  6849 | D:10     | Killed a gargoyle
  7035 | D:10     | Reached skill level 10 in Spellcasting
  7037 | D:10     | Reached skill level 11 in Air Magic
  7313 | D:11     | Noticed a death yak
  7313 | D:11     | Noticed a two-headed ogre
  7316 | D:11     | Noticed a cyclops
  7362 | D:10     | Killed a two-headed ogre
  7507 | D:11     | Reached **** piety under Sif Muna
  7606 | D:11     | Noticed a death yak
  7722 | D:11     | Killed a death yak
  7722 | D:11     | Reached XP level 11. HP: 37/47 MP: 12/26
  7729 | D:11     | Found a staircase to the Lair.
  7731 | D:11     | Noticed a death yak
  7963 | D:11     | Noticed a death yak
  7968 | D:11     | Noticed a death yak
  8253 | D:12     | Reached skill level 5 in Dodging
  8253 | D:12     | Reached skill level 12 in Air Magic
  8371 | D:12     | Noticed a wizard
  8373 | D:12     | Noticed a wizard
  8378 | D:12     | Killed a wizard
  8489 | D:12     | Killed a wizard
  8522 | D:12     | Noticed a cyan ugly thing
  8526 | D:12     | Reached ***** piety under Sif Muna
  8545 | D:12     | Killed a cyan ugly thing
  8545 | D:12     | Identified Peixt's Compendium of Attacks (Sif Muna gifted it to you on level 12 of the Dungeon)
  8545 | D:12     | Received a gift from Sif Muna
  8754 | D:12     | Found a staircase to the Orcish Mines.
  8866 | D:12     | Learned a level 3 spell: Static Discharge
  8944 | D:13     | Noticed an unseen horror
  8948 | D:13     | Killed an unseen horror
  9163 | D:13     | Reached XP level 12. HP: 47/51 MP: 13/28
  9167 | D:13     | Noticed a centaur warrior
  9255 | D:14     | Noticed a centaur warrior
  9404 | D:14     | Found Focap's General Store.
  9467 | D:14     | Reached skill level 13 in Air Magic
  9495 | D:14     | Noticed a tengu warrior
  9590 | D:14     | Killed a tengu warrior
  9631 | D:14     | Noticed a centaur warrior
  9646 | D:14     | Noticed a centaur warrior
  9653 | D:14     | Killed a centaur warrior
  9654 | D:14     | Killed a centaur warrior
  9935 | D:14     | Noticed a centaur warrior
  9964 | D:15     | Entered Level 15 of the Dungeon
 10010 | D:14     | Killed a centaur warrior
 10020 | D:14     | Killed a centaur warrior
 10109 | D:15     | Identified Oran's Almanac of the Arsonist and the Glacier (Sif Muna gifted it to you on level 15 of the Dungeon)
 10109 | D:15     | Received a gift from Sif Muna
 10117 | D:15     | Noticed a two-headed ogre
 10121 | D:15     | Killed a two-headed ogre
 10275 | D:15     | Noticed a vampire mage
 10278 | D:15     | Killed a vampire mage
 10348 | D:15     | Noticed an ogre mage
 10762 | D:13     | Killed a centaur warrior
 10762 | D:13     | Reached skill level 10 in Dodging
 10834 | Orc:1    | Entered Level 1 of the Orcish Mines
 10968 | D:12     | Reached skill level 14 in Air Magic
 10968 | D:12     | Reached XP level 13. HP: 52/55 MP: 23/30
 11078 | Orc:2    | Entered Level 2 of the Orcish Mines
 11503 | Orc:2    | Found a staircase to the Elven Halls.
 11806 | Orc:2    | Reached skill level 10 in Invocations
 11990 | Orc:2    | Got an ancient hat
 12018 | Orc:2    | Identified the cursed +0 hat "Kuepreh" {Str+2} (You found it on level 2 of the Orcish Mines)
 12064 | Orc:2    | Learned a level 2 spell: Blink
 12122 | Orc:2    | Received a gift from Sif Muna
 12151 | Orc:2    | Learned a level 9 spell: Tornado
 12173 | Orc:2    | Found Cocix's Book Boutique.
 12173 | Orc:2    | Found Unlaf's Jewellery Shop.
 12173 | Orc:2    | Noticed Snorg
 12175 | Orc:2    | Found Tigut's Book Shop.
 12205 | Orc:2    | Killed Snorg
 12244 | Orc:2    | Found Xuasted's Armour Boutique.
 12472 | Elf:1    | Entered Level 1 of the Elven Halls
 12510 | Elf:1    | Found a flickering gateway to a bazaar.
 12520 | Bazaar   | Entered a bazaar
 12522 | Bazaar   | Found Loydghap's Gadget Boutique.
 12526 | Bazaar   | Found Dotzawan's Distillery.
 12526 | Bazaar   | Found Atazoxyach's Weapon Boutique.
 12526 | Bazaar   | Found Nienioc's Magic Scroll Boutique.
 12539 | Bazaar   | Bought a scroll of magic mapping for 66 gold pieces
 12539 | Bazaar   | Bought a scroll of identify for 38 gold pieces
 12539 | Bazaar   | Bought a scroll of identify for 38 gold pieces
 12539 | Bazaar   | Bought a scroll of identify for 38 gold pieces
 12539 | Bazaar   | Bought a scroll of magic mapping for 66 gold pieces
 12539 | Bazaar   | Bought a scroll of teleportation for 57 gold pieces
 12544 | Bazaar   | Bought a potion of magic for 96 gold pieces
 12544 | Bazaar   | Bought a potion of brilliance for 48 gold pieces
 12544 | Bazaar   | Bought a potion of haste for 120 gold pieces
 12544 | Bazaar   | Bought a potion of brilliance for 48 gold pieces
 12544 | Bazaar   | Bought a potion of heal wounds for 60 gold pieces
 12544 | Bazaar   | Bought a potion of curing for 36 gold pieces
 12544 | Bazaar   | Bought a potion of curing for 36 gold pieces
 12544 | Bazaar   | Bought 2 potions of curing for 72 gold pieces
 12544 | Bazaar   | Bought a potion of agility for 48 gold pieces
 12544 | Bazaar   | Bought a potion of invisibility for 96 gold pieces
 12572 | Elf:1    | Found a ruined gateway.
 12578 | Desolati | Entered the Desolation of Salt
 12650 | Elf:1    | Reached skill level 15 in Air Magic
 13051 | Lair:1   | Entered Level 1 of the Lair of Beasts
 13142 | Lair:1   | Noticed Harold
 13178 | Lair:1   | Killed Harold
 13670 | Lair:2   | Found a frozen archway.
 13679 | IceCv    | Entered an ice cave
 13710 | IceCv    | Reached XP level 14. HP: 59/59 MP: 20/33
 13711 | IceCv    | Identified Sif Muna's Compendium of Flames and Malediction (Sif Muna gifted it to you in an ice cave)
 13711 | IceCv    | Received a gift from Sif Muna
 13832 | IceCv    | Noticed a frost giant
 13841 | IceCv    | Killed a frost giant
 13841 | IceCv    | Reached skill level 16 in Air Magic
 14265 | Lair:2   | Reached skill level 15 in Spellcasting
 14404 | Lair:4   | Noticed Sonja
 14406 | Lair:4   | Noticed Sonja
 14406 | Lair:4   | Sonja changed into Sonja the big kobold
 14432 | Lair:4   | Killed Sonja the big kobold
 14983 | Lair:5   | Reached skill level 17 in Air Magic
 14991 | Lair:5   | Identified the ring "Bufabbem" {Ice rElec Dex+2} (You found it on level 5 of the Lair of Beasts)
 15128 | Lair:6   | Entered Level 6 of the Lair of Beasts
 15147 | Lair:6   | Found a labyrinth entrance.
 15215 | Lair:6   | Reached XP level 15. HP: 20/63 MP: 17/36
 15338 | Lab      | Entered a labyrinth
 15571 | Lab      | Got a faintly glowing golden amulet
 15573 | Lab      | Identified the amulet "Xirougrieg" {+Rage Int+5} (You took it off a minotaur in a labyrinth)
 15594 | Lab      | Learned a level 3 spell: Regeneration
 15792 | Lair:6   | Identified the amulet "Juott" {Regen+ Int+3} (You found it on level 6 of the Lair of Beasts)
 16035 | Lair:3   | Found a hole to the Spider Nest.
 16258 | Lair:3   | Reached skill level 18 in Air Magic
 16258 | Lair:3   | Identified Sif Muna's Catalogue of Unholy Rites and the Frostbite (Sif Muna gifted it to you on level 3 of the Lair of Beasts)
 16258 | Lair:3   | Received a gift from Sif Muna
 16323 | Lair:3   | Found a staircase to the Swamp.
 16663 | Elf:1    | Noticed a deep elf sorcerer
 16674 | Elf:1    | Killed a deep elf sorcerer
 16862 | Elf:1    | Identified the Almanac of Calling
 17116 | Elf:1    | Noticed Louise
 17176 | Elf:1    | Noticed Asterion
 17245 | Elf:3    | Entered Level 3 of the Elven Halls
 17245 | Elf:3    | Found Kyeny's Antique Armour Emporium.
 17696 | Elf:1    | Reached XP level 16. HP: 67/67 MP: 18/38
 18005 | Elf:3    | Learned a level 6 spell: Freezing Cloud
 18071 | Elf:3    | Reached skill level 19 in Air Magic
 18185 | Elf:3    | Noticed a deep elf blademaster
 18192 | Elf:3    | Killed a deep elf blademaster
 18195 | Elf:3    | Killed from afar by a deep elf sorcerer

Vault maps used:
D:1:      saegor_arrival_miasma, minmay_pentomino_p4
D:2:      gammafunk_temple_overflow_pools, lemuel_crystal_altar,
          chequers_ecumenical_altar_island, uniq_sigmund
D:3:      cheibriados_altar_1, st_stairs_8, minmay_fountain_box,
          cheibrodos_ashenzari_chains, uniq_jessica
D:4:      first_ration, nicolae_ru_great_annihilating_truth
D:5:      cheibrodos_quashed, old_standard_altar, led_sif_book,
          minmay_temple_entry_large_hall, uniq_eustachio
D:6:      st_stairs_12, uniq_edmund, uniq_duvessa
D:7:      overflow_temple_1_default
D:9:      nicolae_overflow_hidden_temple
D:10:     serial_shops, shop
D:11:     dpeg_lair_monsters
D:12:     cheibrodos_wizards_tower, erik_orc_3
D:13:     hangedman_vaults_entry_quadrant_bands
D:14:     serial_shops, kennysheep_mini, minmay_stone_trees_small
D:15:     gammafunk_depths_entry_grave, minmay_misc_feat_nine_boxes
Temple:   minmay_temple_curvy_branch
Lair:1:   uniq_harold
Lair:2:   portal_ice_cave_demonic_guard, serial_bayou, serial_bayou_lagoon_b,
          serial_bayou_shore_b, serial_bayou_ford_a, serial_bayou_pond_a
Lair:3:   swamp_mist, spider_nest_entry_web_field, minmay_hedge_maze,
          nicolae_quartered_pool_medium
Lair:4:   beast_lair_carwin_8, infiniplex_staircase_pool, uniq_sonja
Lair:5:   minmay_slime_entry_oklob_enclosed, serial_bayou_shore_b
Lair:6:   gammafunk_lair_ancient_temple, lab_entry_generic, lemuel_fruit_fields
Orc:2:    st_orc_mages, hangedman_minor_magic, uniq_snorg
Elf:1:    eino_elf_arrival_sip, portal_desolation_entry_ruin, serial_shops,
          bzr_entry_islet, minmay_elf_sorcery, minivault_23, grunt_ministairs_3,
          uniq_louise, uniq_asterion
Elf:2:    serial_shops, shop, roderic_lattice_octagonal_star
Elf:3:    minmay_elf_hall_four_x, serial_shops, shop, spider_trap
Lab:      nicolae_lab_dead_adventurers, nicolae_lab_quarters,
          nicolae_lab_garden, labyrinth_skeletal_remains, lab_fountain,
          nicolae_lab_flowing_pool, nicolae_lab_statue
Bazaar:   bazaar_minmay_cross
IceCv:    ice_cave_small_giant

Skill      XL: |  1  2  3  4  5  6  7  8  9 10 11 12 13 14 15 16 |
---------------+-------------------------------------------------+-----
Air Magic      | 3 4 5 6 7 9 10 11 12 14 15 17 18 19 | 19.3
Spellcasting   | 3 4 5 6 8 9 10 11 12 14 16 17 | 17.9
Invocations    | 3 5 7 8 9 10 | 10.0
Dodging        | 4 7 10 | 10.2
Stealth        | |  3.0
Conjurations   | |  0.6

Action                   |  1- 3 |  4- 6 |  7- 9 | 10-12 | 13-15 | 16-18 || total
-------------------------+-------+-------+-------+-------+-------+-------++-------
Melee: Spear             |    44 |       |       |       |       |       ||    44
       Unarmed           |     3 |       |       |       |       |       ||     3
       Short sword       |     9 |    10 |    47 |       |       |       ||    66
       Dagger            |       |       |    14 |    82 |   145 |       ||   241
       Kick              |       |       |       |    27 |    44 |       ||    71
 Cast: Shock             |    39 |    48 |   240 |   399 |    33 |       ||   759
       Airstrike         |       |    11 |    55 |   182 |   499 |    71 ||   818
       Lightning Bolt    |       |       |       |       |   154 |     2 ||   156
       Static Discharge  |       |       |       |       |    37 |       ||    37
       Freezing Cloud    |       |       |       |       |       |     6 ||     6
Invok: Divine Energy     |       |       |     1 |       |       |       ||     1
       Channel Magic     |       |       |       |     6 |    36 |     6 ||    48
Evoke: Wand              |       |       |    25 |    11 |     1 |       ||    37
  Use: Potion            |     8 |       |       |     6 |     9 |       ||    23
       Scroll            |     1 |     8 |     2 |     9 |    15 |     1 ||    36
 Stab: Sleeping          |     3 |       |     1 |     1 |     2 |       ||     7
       Paralysed         |       |       |    35 |    10 |       |       ||    45
  Eat: Ration            |       |     1 |     5 |     4 |     9 |     1 ||    20
Armor: Robe              |    15 |       |     6 |     3 |       |     3 ||    27
       Skin              |     6 |    18 |       |       |     1 |       ||    25
       Troll leather arm |       |       |     3 |    47 |    79 |       ||   129
Dodge: Dodged            |   104 |    17 |   149 |   279 |   467 |     9 ||  1025

Table legend:
 A = Spawn XP
 B = Non-spawn XP
 C = Spawn XP percentage of total XP
 D = Spawn monster count
 E = Non-spawn monster count
 F = Spawn count percentage of total count
 G = Total turns spent on level
                    A         B        C        D         E        F      G
               +---------+---------+-------+---------+---------+-------+---------
         Total |       0 |  173604 |   0.0 |       0 |     782 |   0.0 | 18195
               +---------+---------+-------+---------+---------+-------+---------
           D:1 |       0 |      55 |   0.0 |       0 |      28 |   0.0 |   648
           D:2 |       0 |     287 |   0.0 |       0 |      23 |   0.0 |   597
           D:3 |       0 |     204 |   0.0 |       0 |      33 |   0.0 |   777
           D:4 |       0 |     369 |   0.0 |       0 |      17 |   0.0 |   624
           D:5 |       0 |     552 |   0.0 |       0 |      16 |   0.0 |   720
           D:6 |       0 |    1117 |   0.0 |       0 |      25 |   0.0 |  1194
           D:7 |       0 |     104 |   0.0 |       0 |       6 |   0.0 |   372
           D:8 |       0 |     941 |   0.0 |       0 |      19 |   0.0 |   715
           D:9 |       0 |    1467 |   0.0 |       0 |      15 |   0.0 |   724
          D:10 |       0 |    4407 |   0.0 |       0 |      31 |   0.0 |   897
          D:11 |       0 |    4115 |   0.0 |       0 |      22 |   0.0 |   499
          D:12 |       0 |    7763 |   0.0 |       0 |      66 |   0.0 |  1304
          D:13 |       0 |    5554 |   0.0 |       0 |      31 |   0.0 |   593
          D:14 |       0 |   10393 |   0.0 |       0 |      42 |   0.0 |   971
          D:15 |       0 |    2709 |   0.0 |       0 |       8 |   0.0 |   320
        Lair:1 |       0 |    3086 |   0.0 |       0 |      11 |   0.0 |   515
        Lair:2 |       0 |    7108 |   0.0 |       0 |      26 |   0.0 |   482
        Lair:3 |       0 |    5750 |   0.0 |       0 |      20 |   0.0 |   376
        Lair:4 |       0 |    9120 |   0.0 |       0 |      33 |   0.0 |   352
        Lair:5 |       0 |    6858 |   0.0 |       0 |      30 |   0.0 |   442
        Lair:6 |       0 |   20683 |   0.0 |       0 |      59 |   0.0 |   503
         Orc:1 |       0 |    1525 |   0.0 |       0 |      16 |   0.0 |   358
         Orc:2 |       0 |    9884 |   0.0 |       0 |      83 |   0.0 |  1185
         Elf:1 |       0 |   27207 |   0.0 |       0 |      44 |   0.0 |  1207
         Elf:2 |       0 |     553 |   0.0 |       0 |       1 |   0.0 |    67
         Elf:3 |       0 |   27513 |   0.0 |       0 |      35 |   0.0 |   811
           Lab |       0 |    3087 |   0.0 |       0 |       5 |   0.0 |   261
         IceCv |       0 |   10172 |   0.0 |       0 |      36 |   0.0 |   439
    Desolation |       0 |    1021 |   0.0 |       0 |       1 |   0.0 |    25
               +---------+---------+-------+---------+---------+-------+---------
